 Dungeon Crawl Stone Soup version 0.31-a0-810-ga77100ea1a (webtiles) character file.

Game seed: 6541256389228175395

813 scionoferis the Cleaver (level 7, -2/63 HPs)
             Began as a Hill Orc Monk on Sept 21, 2023.
             Slain by Duvessa
             ... wielding a +0 short sword
              (12 damage)
             ... on level 5 of the Dungeon.
             The game lasted 00:14:44 (5026 turns).

scionoferis the Cleaver (Hill Orc Monk)             Turns: 5026, Time: 00:14:45

Health: -2/63      AC:  5    Str: 14    XL:     7   Next: 93%
Magic:  7/7        EV: 12    Int: 10    God:
Gold:   152        SH:  0    Dex: 15    Spells: 6/6 levels left

rFire   + . .        a - +0 hand axe
rCold   . . .        d - orb {light}
rNeg    . . .        w - +2 leather armour {Will+}
rPois   .            (no helmet)
rElec   .            (no cloak)
rCorr   .            (no gloves)
SInv    .            (no boots)
Will    ++...        (no amulet)
Stlth   +            j - ring of protection from fire
HPRegen 0.30/turn    i - ring of willpower
MPRegen 0.10/turn

%: no passive effects
@: glowing
A: no striking features
a: no special abilities


You were on level 5 of the Dungeon.
You visited 1 branch of the dungeon, and saw 6 of its levels.
You also visited: Sewer.

You collected 152 gold pieces.


   Skills:
 + Level 6.0 Fighting
 * Level 8.5 Axes
 - Level 3.0 Armour
 + Level 3.2 Dodging
 + Level 2.1 Stealth


You had 6 spell levels left.
You didn't know any spells.
Your spell library contained the following spells:

 Spells                   Type           Power      Damage    Failure   Level
 Sandblast                Erth           0%         2d4       43%         1
 Passwall                 Tmut/Erth      0%         N/A       56%         2
 Ignite Poison            Fire/Tmut/Pois 0%         N/A       80%         3
 Stone Arrow              Conj/Erth      0%         3d7       80%         3
 Brom's Barrelling Bould  Conj/Erth      0%         2d3       99%         4
 Sticky Flame             Conj/Fire      0%         2d3       99%         4
 Vhi's Electric Charge    Tloc/Air       0%         N/A       99%         4
 Arcjolt                  Conj/Air       0%         1d10      100%        5
 Ignition                 Fire           0%         3d3       100%        8
 Maxwell's Capacitive Co  Air            0%         ∞         100%        8

Inventory:

Hand Weapons
 a - a +0 hand axe (weapon)
 q - a +0 morningstar
   (You found it on level 3 of the Dungeon)
Missiles
 b - 5 javelins
 h - 8 poisoned darts (quivered)
Armour
 d - an orb of light (worn)
 w - a +2 leather armour of willpower (worn)
   (You took it off an orc on level 4 of the Dungeon)
Jewellery
 i - a ring of willpower (right hand)
   (You found it on level 5 of the Dungeon)
 j - a ring of protection from fire (left hand)
   (You found it on level 2 of the Dungeon)
 n - a ring of resist corrosion
   (You found it on level 2 of the Dungeon)
 o - a ring of protection from fire
   (You found it on level 2 of the Dungeon)
 x - a ring of fire
   (You found it on level 4 of the Dungeon)
Wands
 y - a wand of paralysis (5)
   (You took it off a goblin on level 4 of the Dungeon)
Scrolls
 e - 2 scrolls of torment {unknown}
 g - a scroll of vulnerability {unknown}
 l - 2 scrolls of identify {unknown}
 m - 3 scrolls of teleportation
 p - 2 scrolls of poison {unknown}
 t - 3 scrolls of amnesia {unknown}
 u - 3 scrolls of enchant weapon {unknown}
 v - a scroll of enchant armour {unknown}
Potions
 c - 3 potions of ambrosia
 f - 3 potions of attraction {unknown}
 k - 3 potions of degeneration {unknown}
 r - 4 potions of curing {unknown}
 s - a potion of magic {unknown}
 z - a potion of mutation {unknown}

Dungeon Overview and Level Annotations

Branches:
Dungeon (6/15)              Sewer (visited)
 Temple: D:4-7

Altars:

Annotations:
D:5 Duvessa

#...#...#........#
#...+...#........#
#...#...+........#
###'######........#
#.................###
#.............####..#
#.............#.....#
#.............#.....#
#######'##@...+.....#
#.......#.e..#.....# ...
#.......#....#)...#####...
#.......'...(#....##..#...
#.......#....(.....#..#...
#.......#....#.....#..#...
#..####'#....#(...##..#...
#..###).#....#....##..#e..
#..#....#....#........'...


You could see Duvessa (berserk, very poisoned).


Message History

The orc wizard is heavily wounded.
The orc wizard hits you but does no damage.
You closely miss the orc wizard.
The orc wizard is heavily wounded.
The orc wizard hits you but does no damage.
You completely miss the orc wizard.
The orc wizard is heavily wounded.
The orc wizard hits you but does no damage.
You hit the orc wizard but do no damage.
The orc wizard is heavily wounded.
The orc wizard hits you but does no damage.
You hit the orc wizard.
The orc wizard is heavily wounded.
The orc wizard hits you with a +0 dagger.
You hit the orc wizard.
The orc wizard is severely wounded.
The orc wizard hits you but does no damage.
You hit the orc wizard but do no damage.
The orc wizard is severely wounded.
The orc wizard casts a spell at you.
You are confused.
You are too confused!
You are too confused!
You are too confused!
You are too confused!
You bump into the rock wall.
The orc wizard casts a spell at you. The magic dart hits you!
You hit the orc wizard.
The orc wizard is severely wounded.
The orc wizard gestures at you while chanting.
The magic dart hits you.
You bump into the rock wall.
The orc wizard gestures at you while chanting.
You resist with some effort.
You bump into the rock wall.
The orc wizard hits you but does no damage.
You bump into the rock wall.
The orc wizard hits you but does no damage.
You feel less confused.
The orc wizard attacks as it pursues you!
The orc wizard hits you with a +0 dagger.
You hit the orc wizard.
You kill the orc wizard!
You barely miss the orc. The orc hits you but does no damage.
You slash the orc!
You kill the orc!
Things that are here:
a +0 short sword; a +0 dagger; a +0 robe
Items here: ( )) [ †.
Okay, then.
HP restored.
A kobold comes into view.
It is wielding a +0 dagger and quivering poisoned darts.
The kobold shouts!
A bat comes into view.
The bat moves out of view.
You slash the kobold!
You kill the kobold!
No target in view!
h - 8 poisoned darts (gained 3)
Things that are here:
a +0 dagger; a kobold corpse The bat hits you but does no damage.
The bat barely misses you.
You completely miss the bat. The bat closely misses you.
The bat hits you but does no damage.
You hit the bat.
The bat is severely wounded.
The bat barely misses you. The bat hits you but does no damage.
The bat hits you but does no damage. x2
You hit the bat.
You kill the bat!
No target in view!
You see here a bat corpse.
A bat comes into view.
Found a fizzy black potion.
A bat is nearby!
The bat hits you but does no damage.
You slash the bat!
You kill the bat!
You see here a bat corpse.
Found a stone staircase leading up.
f - 3 fizzy black potions (gained 1)
v - a scroll labelled YRCHIO EGGYIGOR You now have 101 gold pieces (gained 8).
You see here a +0 dagger.
You now have 117 gold pieces (gained 16).
You see here a +0 dagger.
A hobgoblin comes into view.
The hobgoblin hits you but does no damage.
You hit the hobgoblin but do no damage. The hobgoblin hits you.
You hit the hobgoblin.
You kill the hobgoblin!
There is an escape hatch in the ceiling here.
t - 2 scrolls labelled EQISI KUOZ (gained 1)
You now have 122 gold pieces (gained 5).
Done exploring.
Done exploring.
Search for what [Enter for "sew", or ? for help]? d: Unknown command.
Things that are here:
a +0 short sword; a +0 dagger; a +0 robe
Items here: ( )) [.
Things that are here:
a +0 dagger; a kobold skeleton You see here a bat skeleton.
There is a stone staircase leading down here.
You climb downwards.
Found a hand axe.
There is a stone staircase leading up here.
An ogre comes into view. It is wielding a +0 giant club.
The ogre shouts!
You hear a shout!
Throw: 8 darts (poison)
Press: ? - help, Q - select action, (/) - cycle Shift-Dir - straight line, f - ogre
Aim: an ogre, wielding a +0 giant club (73% to hit)
You throw a poisoned dart.
The poisoned dart barely misses the ogre.
Unknown command.
Throw: 7 darts (poison)
Press: ? - help, Q - select action, (/) - cycle Shift-Dir - straight line, f/p - ogre
Aim: an ogre, wielding a +0 giant club (73% to hit)
You throw a poisoned dart. The poisoned dart hits the ogre.
Unknown command.
Throw: 6 darts (poison)
Press: ? - help, Q - select action, (/) - cycle Shift-Dir - straight line, f/p - ogre
Aim: an ogre, wielding a +0 giant club (73% to hit)
You throw a poisoned dart. The poisoned dart hits the ogre.
The ogre is poisoned.
Unknown command.
Throw: 5 darts (poison)
Press: ? - help, Q - select action, (/) - cycle Shift-Dir - straight line, f/p - ogre
Aim: an ogre, wielding a +0 giant club (poisoned, haloed, 93% to hit)
You throw a poisoned dart. The poisoned dart hits the ogre.
The ogre looks even sicker.
Unknown command.
A kobold comes into view. It is wielding a +0 club.
The kobold shouts!
There is a stone staircase leading up here.
Throw: 4 darts (poison)
Press: ? - help, Q - select action, (/) - cycle Shift-Dir - straight line, f/p - ogre
Aim: an ogre, wielding a +0 giant club (lightly wounded, very poisoned, haloed, 93% to hit)
You throw a poisoned dart. The poisoned dart hits the ogre.
The ogre looks even sicker.
The ogre is lightly wounded.
You hit the ogre but do no damage.
The ogre is moderately wounded.
The ogre barely misses you.
You hit the ogre but do no damage.
The ogre is moderately wounded.
You hit the ogre.
The ogre is severely wounded.
The ogre hits you with a +0 giant club!
You hit the ogre.
The ogre is almost dead.
You hit the kobold but do no damage.
An orc comes into view.
It is wielding a +0 club and wearing a +2 leather armour of willpower.
The kobold closely misses you.
The orc shouts!
You hit the ogre.
You kill the ogre!
You barely miss the kobold.
You hear an angry hiss.
The kobold closely misses you.
Your Fighting skill increases to level 5!
Your Axes skill increases to level 7!
You have reached level 6!
You hit the kobold but do no damage.
A hobgoblin comes into view.
The hobgoblin shouts!
You hit the kobold.
You kill the kobold!
You hit the orc but do no damage. The orc hits you with a +0 club.
You hit the orc.
The orc is moderately wounded.
An orc comes into view. It is wielding a +0 dagger.
The orc hits you with a +0 club.
The orc shouts!
You hit the orc.
The orc is severely wounded.
You barely miss the hobgoblin. The orc completely misses you.
The hobgoblin hits you but does no damage.
You hit the orc.
You kill the orc!
You hit the hobgoblin.
You kill the hobgoblin!
You climb upwards.
There is a stone staircase leading down here.
You start resting.
HP restored.
You climb downwards.
The orc hits you with a +0 dagger.
An orc comes into view. It is wielding a +0 dagger.
The orc hits you but does no damage.
There is a stone staircase leading up, spattered with blood here.
The orc shouts!
You hit the orc but do no damage. The orc hits you but does no damage.
You hit the orc.
The orc is lightly wounded.
You hit the orc.
The orc is almost dead.
An orc comes into view. It is wielding a +0 flail.
The orc hits you but does no damage.
The orc shouts!
The orc hits you with a +0 dagger. The adder barely misses you.
You climb upwards.
There is a stone staircase leading down here.
You hit the adder.
The adder is moderately wounded.
You hit the orc.
You kill the orc!
The adder bites you but does no damage.
You hit the adder.
The adder is almost dead.
The adder barely misses you. The adder closely misses you.
You closely miss the adder.
The adder is almost dead.
The adder barely misses you.
You hit the adder.
You kill the adder!
You start resting.
HP restored.
You climb downwards.
The orc closely misses you. The orc barely misses you.
The orc hits you with a +0 flail. The orc barely misses you.
There is a stone staircase leading up, spattered with blood here.
You hit the orc but do no damage. You hit the orc. The orc barely misses you.
The orc hits you but does no damage.
You hit the orc.
The orc is heavily wounded.
You hit the orc. The orc barely misses you. x2
An orc comes into view. It is wielding a +0 whip.
The orc shouts!
You hit the orc.
The orc is severely wounded.
You barely miss the orc. The orc closely misses you.
The orc hits you with a +0 flail.
You hit the orc.
You kill the orc!
You hit the orc.
You kill the orc!
You see here a hobgoblin corpse.
Items here: )) [ †.
w - a +2 leather armour of willpower You slash the orc!
You kill the orc!
There is a stone staircase leading up, spattered with blood here.
You climb upwards.
There is a stone staircase leading down here.
You start removing your armour.
You continue taking off your +0 chain mail. x4
You finish taking off your +0 chain mail.
You start putting on your armour.
You continue putting on your +2 leather armour of willpower. x5
You finish putting on your +2 leather armour of willpower.
You feel strong-willed.
You drop a +0 chain mail.
There is a stone staircase leading down here.
You climb downwards.
There is a stone staircase leading up, spattered with blood here.
Things that are here:
a +0 whip; a hobgoblin corpse; an orc corpse
h - 4 poisoned darts (gained 1)
h - 5 poisoned darts (gained 1)
h - 6 poisoned darts (gained 1)
h - 7 poisoned darts (gained 1)
h - 8 poisoned darts (gained 1)
Found a robe.
Found a stone staircase leading down.
A black bear comes into view.
The black bear growls angrily.
Throw: 8 darts (poison)
Press: ? - help, Q - select action, (/) - cycle Shift-Dir - straight line, f - black bear
Aim: a black bear (65% to hit)
You throw a poisoned dart. The poisoned dart hits the black bear.
The black bear is poisoned.
Unknown command.
Throw: 7 darts (poison)
Press: ? - help, Q - select action, (/) - cycle Shift-Dir - straight line, f/p - black bear
Aim: a black bear (lightly wounded, poisoned, 65% to hit)
You throw a poisoned dart. The poisoned dart hits the black bear.
The black bear is lightly wounded.
Unknown command.
Throw: 6 darts (poison)
Press: ? - help, Q - select action, (/) - cycle Shift-Dir - straight line, f/p - black bear
Aim: a black bear (lightly wounded, poisoned, 65% to hit)
You throw a poisoned dart. The poisoned dart hits the black bear.
The black bear looks even sicker.
The black bear is lightly wounded.
A quokka comes into view.
Throw: 5 darts (poison)
Press: ? - help, Q - select action, (/) - cycle Shift-Dir - straight line, f/p - black bear
Aim: a black bear (lightly wounded, poisoned, haloed, 85% to hit)
You throw a poisoned dart. The poisoned dart hits the black bear.
The black bear looks even sicker.
The black bear is lightly wounded.
Throw: 4 darts (poison)
Press: ? - help, Q - select action, (/) - cycle Shift-Dir - straight line, f/p - black bear
Aim: a black bear (moderately wounded, very poisoned, haloed, 85% to hit)
You throw a poisoned dart. The poisoned dart hits the black bear.
The black bear looks even sicker.
The black bear is moderately wounded.
You hit the black bear.
The black bear is moderately wounded.
The black bear bites you. The black bear closely misses you.
The black bear misses you.
You hit the black bear.
The black bear is heavily wounded.
The black bear bites you.
The black bear claws you but does no damage.
The black bear claws you.
You barely miss the black bear.
The black bear is heavily wounded.
The black bear bites you but does no damage.
The black bear barely misses you. x2
You hit the black bear.
The black bear is severely wounded.
You hit the black bear.
The black bear is almost dead.
The black bear goes berserk!
You hit the black bear but do no damage.
The black bear is almost dead.
You kill the black bear!
Training target 3.0 for Armour reached!
Your Armour skill increases to level 3!
Your Stealth skill increases to level 1!
You start resting.
A quokka is nearby!
You see here a black bear corpse.
You see here a poisoned dart.
You hit the quokka but do no damage. The quokka closely misses you.
You hit the quokka.
The quokka is heavily wounded.
The quokka closely misses you.
The quokka bites you but does no damage.
You hit the quokka.
You kill the quokka!
No target in view!
HP restored.
h - 4 poisoned darts (gained 1)
h - 5 poisoned darts (gained 1)
h - 6 poisoned darts (gained 1)
h - 7 poisoned darts (gained 1)
h - 8 poisoned darts (gained 1)
Found a stone staircase leading down.
You now have 134 gold pieces (gained 12).
h - 11 poisoned darts (gained 3)
Found a stone staircase leading down.
An ufetubus comes into view.
The ufetubus shouts!
You hit the ufetubus.
The ufetubus is moderately wounded.
The ufetubus hits you but does no damage.
The ufetubus closely misses you.
You hit the ufetubus.
The ufetubus is almost dead.
The ufetubus hits you. The ufetubus closely misses you.
The ufetubus hits you but does no damage.
The ufetubus barely misses you.
You hit the ufetubus.
You kill the ufetubus!
No target in view!
A giant cockroach comes into view.
Found 5 gold pieces.
The giant cockroach bites you but does no damage.
You hit the giant cockroach.
The giant cockroach is severely wounded.
The giant cockroach waves its antennae.
The giant cockroach closely misses you.
You hit the giant cockroach but do no damage.
The giant cockroach is severely wounded.
The giant cockroach closely misses you.
You completely miss the giant cockroach.
The giant cockroach is severely wounded.
The giant cockroach bites you.
You hit the giant cockroach.
You kill the giant cockroach!
You see here a giant cockroach corpse.
You now have 139 gold pieces (gained 5).
c - 3 potions of ambrosia (gained 1)
You open the door.
An adder, a hobgoblin and a dart slug come into view.
Found a sedimented red potion.
The adder hisses angrily.
The hobgoblin shouts!
You barely miss the adder. The adder closely misses you.
You hit the adder.
The adder is heavily wounded.
The adder barely misses you.
You closely miss the adder.
The adder is heavily wounded.
The adder bites you.
You barely miss the adder.
The adder is heavily wounded.
The adder barely misses you.
You completely miss the adder.
The adder is heavily wounded.
The adder closely misses you. The adder bites you.
You closely miss the adder.
The adder is heavily wounded.
The adder closely misses you.
You closely miss the adder.
The adder is heavily wounded.
The adder bites you but does no damage.
You hit the adder.
You kill the adder!
The dart slug launches a dart at you. The slug dart misses you.
You hit the hobgoblin.
The hobgoblin is lightly wounded.
The hobgoblin barely misses you.
You barely miss the hobgoblin.
The hobgoblin is lightly wounded.
You hit the hobgoblin but do no damage.
The hobgoblin is lightly wounded.
The hobgoblin completely misses you.
You hit the hobgoblin.
The hobgoblin is moderately wounded.
The hobgoblin hits you.
You hit the hobgoblin but do no damage.
The hobgoblin is moderately wounded.
The hobgoblin hits you but does no damage.
You completely miss the hobgoblin.
The hobgoblin is moderately wounded.
The hobgoblin misses you.
You hit the hobgoblin.
You kill the hobgoblin!
The dart slug launches a dart at you.
The slug dart hits you but does no damage.
The dart slug bites you but does no damage.
Things that are here:
a hobgoblin corpse; an adder corpse You hit the dart slug.
The dart slug is moderately wounded.
You hit the dart slug.
The dart slug is severely wounded.
The dart slug barely misses you.
You hit the dart slug but do no damage.
The dart slug is severely wounded.
The dart slug launches a dart at you.
The slug dart hits you but does no damage.
You hit the dart slug.
You kill the dart slug!
k - 3 sedimented red potions (gained 1)
p - 2 scrolls labelled VOT RUXZOPULOA (gained 1)
You open the door.
There is an open door here.
An iguana comes into view.
The iguana hisses angrily.
An endoplasm comes into view.
You hit the iguana.
The iguana is moderately wounded.
The iguana bites you but does no damage.
You hit the iguana.
The iguana is heavily wounded.
The iguana closely misses you.
You hit the iguana but do no damage.
The iguana is heavily wounded.
The iguana barely misses you.
You hit the iguana.
The iguana is heavily wounded.
The iguana completely misses you.
You hit the iguana but do no damage.
The iguana is heavily wounded.
You hit the endoplasm. The iguana barely misses you. The endoplasm hits you.
You hit the endoplasm.
You kill the endoplasm!
You hit the iguana. You barely miss the iguana.
The iguana is heavily wounded.
The iguana barely misses you.
You completely miss the iguana.
The iguana is heavily wounded.
The iguana barely misses you.
You hit the iguana.
The iguana is almost dead.
The iguana completely misses you.
You hit the iguana.
You kill the iguana!
You have reached level 7!
You open the door.
There is an open door here.
A malevolent force fills the Dungeon...
You fall into a shaft and drop 2 floors!
The shaft crumbles and collapses.
Found a stone staircase leading up.
Found a stone staircase leading down.
Found 11 gold pieces.
There is a stone staircase leading up here.
You climb upwards.
Found a scroll labelled EQISI KUOZ.
There is a stone staircase leading down here.
t - 3 scrolls labelled EQISI KUOZ (gained 1)
A scorpion and Dowan come into view.
Dowan is wielding a +3 dagger of flaming and wearing a +2 robe of fire resistance.
Dowan shouts!
You hear an angry growl.
An ice beast comes into view.
Dowan says, "Stay away from my face!"
Dowan points at you and mumbles some strange words.
The puff of frost hits you.
There is a stone staircase leading down here.
You climb downwards.
There is a stone staircase leading up here.
Found a stone staircase leading up.
Found a scroll labelled YDAABUATUI and 6 gold pieces.
A hound comes into view.
The hound barks!
A bullfrog comes into view.
Found 12 gold pieces.
The bullfrog gives a loud, deep croak!
A wight comes into view. It is wielding a +3 war axe.
You see here a scroll labelled YDAABUATUI. 2 wights come into view.
The hound barely misses you.
There is a stone staircase leading up here.
The hound bites you but does no damage.
You climb upwards.
Level annotation: Dowan
Found a tubular ivory ring.
There is a stone staircase leading down here.
You closely miss the hound. The hound bites you. x2
You closely miss the hound. The hound bites you.
You hit the hound.
The hound is lightly wounded.
The hound bites you but does no damage.
You slash the hound!
The hound is severely wounded.
The hound closely misses you. x2
You hit the hound.
You kill the hound!
i - a ring of willpower
There are no items here.
You remove your ring of protection from fire.
i - a ring of willpower (right hand)
You open the door.
An iguana comes into view.
The iguana hisses angrily.
There is an open door here.
You hit the iguana.
The iguana is lightly wounded.
The iguana barely misses you.
You completely miss the iguana.
The iguana is lightly wounded.
The iguana bites you!
You barely miss the iguana.
The iguana is lightly wounded.
The iguana closely misses you.
You hit the iguana.
The iguana is moderately wounded.
The iguana bites you.
You hit the iguana.
The iguana is severely wounded.
You hit the iguana.
The iguana is almost dead.
The iguana barely misses you.
You hit the iguana.
You kill the iguana!
You start resting.
HP restored.
Something unseen opens the door.
Duvessa, Sister of Dowan comes into view.
She is wielding a +0 short sword.
Duvessa shouts!
There is an open door here.
You close the door.
Duvessa opens the door.
As you open the door, it creaks loudly!
Found a chain mail.
There is an open door here.
Found a stone staircase leading up.
You close the door.
There is a stone staircase leading up here.
You climb upwards.
There is a stone staircase leading down here.
There is an open door here.
You open the door.
There is an open door here.
You open the door.
There is an open door here.
l - 2 scrolls labelled ATAXTY CUSMAUS (gained 1)
u - 3 scrolls labelled WIMO QOSICESCH (gained 1)
You open the door.
Found a beast talisman.
There is an open door here.
A scorpion comes into view.
Throw: 11 darts (poison)
Press: ? - help, Q - select action, (/) - cycle Shift-Dir - straight line, f - scorpion
Aim: a scorpion (57% to hit)
You throw a poisoned dart. The poisoned dart hits the scorpion.
The scorpion is poisoned.
Unknown command.
Throw: 10 darts (poison)
Press: ? - help, Q - select action, (/) - cycle Shift-Dir - straight line, f/p - scorpion
Aim: a scorpion (lightly wounded, poisoned, 57% to hit)
You throw a poisoned dart. The poisoned dart hits the scorpion.
The scorpion looks even sicker.
The scorpion is lightly wounded.
There is an open door here.
You kill the scorpion!
There is an open door here.
x - a ring of fire
h - 10 poisoned darts (gained 1)
h - 11 poisoned darts (gained 1) As you open the door, it creaks loudly!
There is an open door here.
A ball python comes into view.
The ball python hisses angrily.
Found a scroll labelled KESERA UJ RIE.
You hit the ball python.
You kill the ball python!
No target in view!
A goblin comes into view.
It is wielding a +0 dagger and carrying a wand of paralysis.
As you open the door, it creaks loudly!
Found a weird jewelled staff.
There is an open door here.
You see here a staff of conjuration.
You open the door.
There is an open door here.
m - 3 scrolls labelled KESERA UJ RIE (gained 1)
There is an open door here.
There is an open door here.
A goblin is nearby!
Throw: 11 darts (poison)
Press: ? - help, Q - select action, (/) - cycle Shift-Dir - straight line, f - goblin
Aim: a goblin, wielding a +0 dagger and carrying a wand of paralysis (wandering, hasn't noticed you, 50% to hit)
You throw a poisoned dart.
The poisoned dart barely misses the goblin.
The goblin shouts!
There is an open door here.
You close the door.
You start waiting.
A goblin opens the door.
It is wielding a +0 dagger and carrying a wand of paralysis.
The goblin closely misses you.
There is an open door here.
You hit the goblin.
The goblin is moderately wounded.
The goblin hits you but does no damage.
You hit the goblin.
The goblin is severely wounded.
The goblin hits you with a +0 dagger.
You hit the goblin.
You kill the goblin!
y - a wand of paralysis (8)
You now have 152 gold pieces (gained 13).
You see here a +0 dagger.
HP restored.
h - 11 poisoned darts (gained 1)
You see here a +0 dagger.
You open the door.
There is an open door here.
You open the door.
There is an open door here.
z - a lumpy red potion An endoplasm comes into view.
No target in view!
There is an open door here.
The endoplasm quivers.
The endoplasm completely misses you.
You slash the endoplasm!
You kill the endoplasm!
No target in view!
m - 4 scrolls labelled KESERA UJ RIE (gained 1)
You open the door.
Found a stone staircase leading up.
There is an open door here.
You open the door.
There is an open door here.
Found an escape hatch in the ceiling.
Found a stone staircase leading up.
You see here a staff of poison.
A ball python comes into view.
The ball python hisses angrily.
You hit the ball python.
You kill the ball python!
No target in view!
You see here a ball python corpse.
You see here a staff of poison.
You open the door.
There is an open door here.
There is an open door here.
There is a stone staircase leading up here.
There is an open door here.
You open the door.
Found an escape hatch in the floor.
You open the door.
A goblin comes into view. It is wielding a +0 dagger.
The goblin shouts!
You hit the goblin but do no damage. The goblin hits you but does no damage.
You hit the goblin.
You kill the goblin!
No target in view!
There is an open door here.
Things that are here:
a +0 dagger; a goblin corpse Done exploring.
Done exploring.
Search for what [Enter for "d:", or ? for help]? d: Unknown command.
There is a stone staircase leading down here.
You climb downwards.
Level annotation: Dowan, Duvessa The iguana hisses angrily.
The black bear growls angrily.
The hound barks!
Found two leather armours.
There is a stone staircase leading up here.
The iguana bites you!
You climb upwards.
There is a stone staircase leading down here.
You hit the iguana but do no damage. The iguana barely misses you.
You hit the iguana.
The iguana is moderately wounded.
The iguana misses you.
You hit the iguana but do no damage.
The iguana is lightly wounded.
The iguana misses you.
You hit the iguana.
The iguana is moderately wounded.
The iguana misses you.
You hit the iguana but do no damage.
The iguana is moderately wounded.
The iguana closely misses you.
You hit the iguana but do no damage.
The iguana is moderately wounded.
You hit the iguana.
The iguana is severely wounded.
The iguana closely misses you.
You hit the iguana.
The iguana is severely wounded.
The iguana bites you!
You hit the iguana but do no damage.
The iguana is severely wounded.
The iguana bites you!
You hit the iguana.
The iguana is severely wounded.
The iguana bites you!
You hit the iguana.
The iguana is almost dead.
The iguana barely misses you.
You hit the iguana but do no damage.
The iguana is almost dead.
The iguana closely misses you.
You completely miss the iguana.
The iguana is almost dead.
The iguana closely misses you.
You hit the iguana.
You kill the iguana!
No target in view!
You start resting.
HP restored.
There is a stone staircase leading down here.
You climb downwards.
Level annotation: Dowan, Duvessa
There is a stone staircase leading up here.
Unknown command.
You hit the ice beast.
The ice beast is moderately wounded.
The ice beast closely misses you.
You hit the ice beast but do no damage.
The ice beast is moderately wounded.
The ice beast closely misses you.
You barely miss the ice beast.
The ice beast is moderately wounded.
The ice beast hits you but does no damage.
You hit the ice beast but do no damage.
The ice beast is lightly wounded.
You hit the ice beast.
The ice beast is moderately wounded.
The ice beast misses you.
You hit the ice beast but do no damage.
The ice beast is moderately wounded.
The ice beast closely misses you.
You hit the ice beast but do no damage.
The ice beast is moderately wounded.
The ice beast misses you.
You hit the ice beast but do no damage.
The ice beast is moderately wounded.
The ice beast hits you but does no damage.
The ice beast attacks as it pursues you!
The ice beast hits you. The ice beast freezes you!
There is a stone staircase leading up here.
The ice beast closely misses you.
You climb upwards.
There is a stone staircase leading down here.
You hit the ice beast but do no damage.
The ice beast is moderately wounded.
The ice beast barely misses you.
You hit the ice beast but do no damage.
The ice beast is moderately wounded.
The ice beast closely misses you.
You hit the ice beast but do no damage.
The ice beast is moderately wounded.
The ice beast barely misses you.
You hit the ice beast.
The ice beast is moderately wounded.
The ice beast hits you. The ice beast freezes you!
You barely miss the ice beast.
The ice beast is moderately wounded.
You completely miss the ice beast.
The ice beast is moderately wounded.
The ice beast hits you. The ice beast freezes you!
You are too injured to fight recklessly!
You are too injured to fight recklessly!
You hit the ice beast.
The ice beast is heavily wounded.
The ice beast closely misses you.
You hit the ice beast.
The ice beast is heavily wounded.
The ice beast misses you.
You hit the ice beast but do no damage.
The ice beast is heavily wounded.
The ice beast misses you.
You hit the ice beast.
The ice beast is severely wounded.
The ice beast completely misses you.
You hit the ice beast.
The ice beast is severely wounded.
The ice beast barely misses you.
You hit the ice beast.
The ice beast is severely wounded.
The ice beast hits you. The ice beast freezes you!
You hit the ice beast but do no damage.
The ice beast is severely wounded.
The ice beast hits you. The ice beast freezes you!
* * * LOW HITPOINT WARNING * * *
You hit the ice beast.
The ice beast is almost dead.
The ice beast closely misses you.
You hit the ice beast.
You kill the ice beast!
Your Axes skill increases to level 8!
Your Dodging skill increases to level 3!
You start resting.
HP restored.
Unknown command.
You climb downwards.
Level annotation: Dowan, Duvessa Duvessa hits you with a +0 short sword!
There is a stone staircase leading up here.
Duvessa hits you with a +0 short sword!
You climb upwards.
There is a stone staircase leading down, spattered with blood here.
There is a stone staircase leading down here.
You start resting.
HP restored.
You climb downwards.
Level annotation: Dowan, Duvessa
There is a stone staircase leading up here.
As you read the scroll labelled KESERA UJ RIE, it crumbles to dust.
You feel strangely unstable.
It was a scroll of teleportation.
You climb upwards.
Your surroundings suddenly seem different.
You see here a staff of poison.
There is an open door here.
There is an open door here.
There is a stone staircase leading up here.
There is an open door here.
There is an open door here.
You see here an iguana skeleton.
There is a stone staircase leading down here.
You climb downwards.
Level annotation: Dowan, Duvessa
There is a stone staircase leading up here.
As you open the door, it creaks loudly!
There is an open door here.
You open the door. You open the door.
An ogre comes into view. It is wielding a +0 giant spiked club.
The ogre shouts!
There is an open door here.
Throw: 11 darts (poison)
Press: ? - help, Q - select action, (/) - cycle Shift-Dir - straight line, f - ogre
Aim: an ogre, wielding a +0 giant spiked club (haloed, 93% to hit)
You throw a poisoned dart. The poisoned dart hits the ogre.
Unknown command.
You hit the ogre.
The ogre is lightly wounded.
You hit the ogre.
The ogre is moderately wounded.
The ogre barely misses you.
You hit the ogre.
The ogre is heavily wounded.
The ogre barely misses you.
You hit the ogre but do no damage.
The ogre is heavily wounded.
You hit the ogre but do no damage.
The ogre is heavily wounded.
The ogre barely misses you.
You hit the ogre.
The ogre is severely wounded.
You hit the ogre.
The ogre is almost dead.
The ogre hits you with a +0 giant spiked club!
You hit the ogre.
You kill the ogre!
Your Fighting skill increases to level 6!
Your Stealth skill increases to level 2!
Things that are here:
a +0 giant spiked club; an ogre corpse
h - 11 poisoned darts (gained 1)
Things that are here:
a +0 giant spiked club; an ogre corpse You close the door.
You start resting.
HP restored.
You open the door.
There is an open door, spattered with blood here.
There is an open door here.
You open the door.
There is an open door here.
You open the door.
There is an open door here.
You open the door.
There is an open door here.
As you open the door, it creaks loudly!
There is an open door here.
Dowan shouts!
Dowan gestures at you while chanting. The puff of frost misses you.
There is an open door here.
You start waiting.
Something unseen opens the door.
There is an open door here.
You hit Dowan.
Dowan is moderately wounded.
Dowan gestures at you while chanting. The puff of frost hits you.
You slash Dowan!
Dowan is heavily wounded.
Dowan hits you with a +3 dagger of flaming!
Dowan burns you.
You hit Dowan but do no damage.
Dowan is heavily wounded.
Dowan says, "Stay away from my face!"
Dowan hits you with a +3 dagger of flaming!
You hit Dowan.
Dowan is almost dead.
Dowan hits you with a +3 dagger of flaming.
You hit Dowan.
You kill Dowan!
You hear a distant scream of rage.
Things that are here:
a +3 dagger of flaming; a +2 robe of fire resistance; the elf corpse of Dowan
Okay, then.
There is an open door here.
You close the door.
There is an open door here.
You close the door.
There is an open door here.
You close the door.
You close the door.
You start resting.
HP restored.
You open the door.
There is an open door here.
Duvessa goes berserk!
Unknown command.
Throw: 11 darts (poison)
Press: ? - help, Q - select action, (/) - cycle Shift-Dir - straight line, f - Duvessa
Aim: Duvessa, wielding a +0 short sword and wearing a +0 leather armour (berserk, 63% to hit)
You throw a poisoned dart. The poisoned dart hits Duvessa.
Duvessa is poisoned.
Unknown command.
Throw: 10 darts (poison)
Press: ? - help, Q - select action, (/) - cycle Shift-Dir - straight line, f/p - Duvessa
Aim: Duvessa, wielding a +0 short sword and wearing a +0 leather armour (berserk, poisoned, 63% to hit)
You throw a poisoned dart. The poisoned dart hits Duvessa.
Duvessa looks even sicker.
Duvessa rages.
Throw: 9 darts (poison)
Press: ? - help, Q - select action, (/) - cycle Shift-Dir - straight line, f/p - Duvessa
Aim: Duvessa, wielding a +0 short sword and wearing a +0 leather armour (lightly wounded, berserk, very poisoned, haloed, 82% to hit)
You throw a poisoned dart. The poisoned dart hits Duvessa.
Duvessa looks even sicker.
Duvessa is lightly wounded.
Duvessa rages.
You hit Duvessa.
Duvessa is lightly wounded.
Duvessa hits you with a +0 short sword!
Aiming: Paralyse
Press: ? - help, Shift-Dir - straight line, f/p - Duvessa
Aim: Duvessa, wielding a +0 short sword and wearing a +0 leather armour (moderately wounded, berserk, very poisoned, haloed, chance to affect: 31%)
Okay, then.
Unknown command.
You hit Duvessa but do no damage.
Duvessa is moderately wounded.
Duvessa barely misses you.
You barely miss Duvessa.
Duvessa is moderately wounded.
Duvessa hits you with a +0 short sword! Duvessa closely misses you.
You hit Duvessa but do no damage.
Duvessa is moderately wounded.
Duvessa hits you with a +0 short sword!
Aiming: Paralyse
Press: ? - help, Shift-Dir - straight line, f/p - Duvessa
Aim: Duvessa, wielding a +0 short sword and wearing a +0 leather armour (moderately wounded, berserk, very poisoned, haloed, chance to affect: 31%) Duvessa easily resists.
Duvessa closely misses you. Duvessa hits you with a +0 short sword!
* * * LOW HITPOINT WARNING * * *
Aiming: Paralyse
Press: ? - help, Shift-Dir - straight line, f/p - Duvessa
Aim: Duvessa, wielding a +0 short sword and wearing a +0 leather armour (moderately wounded, berserk, very poisoned, haloed, chance to affect: 31%) Duvessa easily resists.
Duvessa hits you with a +0 short sword.
* * * LOW HITPOINT WARNING * * *
Unknown command.
Aiming: Paralyse
Press: ? - help, Shift-Dir - straight line, f/p - Duvessa
Aim: Duvessa, wielding a +0 short sword and wearing a +0 leather armour (moderately wounded, berserk, very poisoned, haloed, chance to affect: 31%) Duvessa easily resists.
Duvessa hits you with a +0 short sword!
You die...

Skill      XL: |  1  2  3  4  5  6  7 |
---------------+----------------------+-----
Fighting       | 4 5 6 |  6.0
Axes           | 5 7 8 |  8.5
Armour         | 1 2 3 |  3.0
Stealth        | 1 2 |  2.1
Dodging        | 3 |  3.2

Action                     |  1- 3 |  4- 6 |  7- 9 || total
---------------------------+-------+-------+-------++-------
  Melee: Hand axe          |   175 |   202 |    74 ||   451
  Throw: Dart              |       |    10 |     7 ||    17
  Evoke: Wand              |       |       |     3 ||     3
    Use: Scroll            |       |       |     1 ||     1
 Armour: Robe              |    15 |       |       ||    15
         Chain mail        |   102 |   103 |       ||   205
         Leather armour    |       |    21 |    35 ||    56
  Dodge: Dodged            |    46 |    84 |    39 ||   169

Levels and vault maps discovered:
D:1:      wander_arrival_fairy_ring, layout_basic
D:2:      layout_loops_cross, ebering_ecumenical_altar_abandoned,
          minmay_misc_feat_diagonals, hangedman_decor_growths
D:3:      layout_basic, portal_sewer_entry_a
D:4:      nicolae_BIG_FREAKIN_CUBE, layout_gridville, minmay_cut_off
D:5:      layout_gridville, roderic_lattice_a, minmay_starry_boxes, uniq_duvessa
D:6:      layout_rooms, mainiacjoe_overflow_brackets,
          minmay_temple_entry_from_below_a, minmay_increasing_density,
          uniq_maggie

Notes
Turn   | Place    | Note
-------+----------+-------------------------------------------
     0 | D:1      | scionoferis the Hill Orc Monk began the quest for the Orb.
     0 | D:1      | Reached XP level 1. HP: 19/19 MP: 1/1
   148 | D:1      | Reached XP level 2. HP: 26/27 MP: 2/2
   469 | D:1      | Reached skill level 4 in Fighting
   472 | D:1      | Reached XP level 3. HP: 31/33 MP: 3/3
   913 | D:2      | Reached skill level 5 in Axes
  1098 | D:2      | Found a faded altar of an unknown god.
  1131 | D:2      | Reached skill level 1 in Armour
  1485 | D:2      | Reached XP level 4. HP: 22/40 MP: 4/4
  2283 | D:3      | Found a glowing drain.
  2306 | Sewer    | Entered a sewer
  2573 | Sewer    | Reached XP level 5. HP: 44/47 MP: 5/5
  2722 | Sewer    | Reached skill level 6 in Axes
  2722 | Sewer    | Reached skill level 2 in Armour
  3338 | D:4      | Noticed an ogre
  3352 | D:4      | Killed an ogre
  3353 | D:4      | Reached skill level 5 in Fighting
  3353 | D:4      | Reached skill level 7 in Axes
  3353 | D:4      | Reached XP level 6. HP: 37/56 MP: 6/6
  3514 | D:4      | Noticed a black bear
  3531 | D:4      | Killed a black bear
  3532 | D:4      | Reached skill level 3 in Armour
  3532 | D:4      | Reached skill level 1 in Stealth
  3740 | D:4      | Reached XP level 7. HP: 61/61 MP: 7/7
  3755 | D:4      | You fall into a shaft and drop 2 floors!
  3776 | D:5      | Entered Level 5 of the Dungeon
  3794 | D:5      | Noticed Dowan
  3898 | D:5      | Noticed Duvessa
  4500 | D:4      | Reached skill level 8 in Axes
  4500 | D:4      | Reached skill level 3 in Dodging
  4830 | D:5      | Reached skill level 6 in Fighting
  4830 | D:5      | Reached skill level 2 in Stealth
  4929 | D:5      | Killed Dowan
  5026 | D:5      | Slain by Duvessa

Vanquished Creatures
  An ice beast (D:4)
  A black bear (D:4)
  2 ogres (D:4 D:5)
  A scorpion (D:4)
  Dowan (D:5)
  A hound (D:5)
  2 orc wizards (D:3)
  3 iguanas (D:4 D:5)
  6 adders (Sewer D:3 D:4)
  An ufetubus (D:4)
  5 worms (D:2 D:3)
  A dart slug (D:4)
  7 orcs (D:3 D:4)
  10 ball pythons (D:2 D:3 Sewer D:4)
  3 endoplasms (D:1 D:4)
  4 giant cockroaches (D:2 D:3 D:4)
  8 hobgoblins (D:1 D:2 D:3 D:4)
  14 jackals (D:1 D:2)
  5 quokkas (D:1 D:2 D:4)
  5 bats (D:1 D:2 D:3)
  11 frilled lizards (D:1 D:3 Sewer)
  5 goblins (D:1 D:3 D:4)
  8 kobolds (D:1 D:3 D:4)
  11 rats (D:1 D:3 Sewer)
116 creatures vanquished.

Table legend: (Time is in decaauts)
 A = Elapsed time spent in this place.
 B = Non-inter-level travel time spent in this place.
 C = Inter-level travel time spent in this place.
 D = Time resting spent in this place.
 E = Time spent auto-exploring this place.
 F = Levels seen in this place.
 G = Mean time per level.
                   A        B        C        D        E       F      G
               +--------+--------+--------+--------+--------+-----+--------+
         Total |   5076 |   4791 |    285 |    646 |   2652 |   7 |  725.1 |
       Dungeon |   4566 |   4281 |    285 |    582 |   2397 |   6 |  761.0 |
         Sewer |    510 |    510 |      0 |     64 |    255 |   1 |  510.0 |
               +--------+--------+--------+--------+--------+-----+--------+

Top non-repeatable levels by time:
     D:4: 1171 daAuts
     D:3: 1081 daAuts
     D:2: 1024 daAuts
     D:1: 878 daAuts
   Sewer: 510 daAuts
     D:5: 378 daAuts
     D:6: 31 daAuts

Table legend:
 A = Non-vault XP
 B = Vault XP
 C = Vault XP percentage of total XP
 D = Non-vault monster count
 E = Vault monster count
 F = Vault count percentage of total count
                 A         B        C        D         E       F
            +---------+---------+-------+---------+---------+-------
      Total |     991 |     171 |  14.7 |      88 |      28 |  24.1
            +---------+---------+-------+---------+---------+-------
        D:1 |      43 |       0 |   0.0 |      27 |       0 |   0.0
        D:2 |      43 |       0 |   0.0 |      16 |       0 |   0.0
        D:3 |     125 |       5 |   3.8 |      21 |       3 |  12.5
        D:4 |     578 |      19 |   3.2 |      21 |       3 |  12.5
        D:5 |     202 |      72 |  26.3 |       3 |       1 |  25.0
      Sewer |       0 |      75 | 100.0 |       0 |      21 | 100.0
            +---------+---------+-------+---------+---------+-------
